 Dungeon Crawl Stone Soup version 0.17.1-3-g152610e (webtiles) character file.

147 Zetta the Skirmisher (level 5, -2/47 HPs)
             Began as a Minotaur Abyssal Knight on Feb 24, 2016.
             Was a Believer of Lugonu.
             Killed by nerve-wracking pain
             ... invoked by Grinder
              (9 damage)
             ... on level 3 of the Dungeon.
             The game lasted 00:09:33 (2138 turns).

Zetta the Skirmisher (Minotaur Abyssal Knight)      Turns: 2138, Time: 00:09:33

Health: -2/47      AC: 10    Str: 17    XL:     5   Next: 8%
Magic:  6/6        EV:  7    Int:  9    God:    Lugonu [**....]
Gold:   112        SH:  0    Dex: 10    Spells: 0 memorised, 4 levels left

rFire  . . .     SeeInvis .     a - +1 hand axe
rCold  . . .     Clarity  .     f - +0 chain mail
rNeg   . . .     SustAt   .     (no shield)
rPois  .         Gourm    .     (helmet restricted)
rElec  .         Spirit   .     (no cloak)
rCorr  .         Warding  .     n - +0 pair of gloves
rMut   .         Stasis   .     (no boots)
MR     .....                    (no amulet)
Stlth  ..........               (no ring)
                                (no ring)

@: not resistant to hostile enchantments, extremely unstealthy
A: retaliatory headbutt, horns 2
a: Depart the Abyss, Bend Space, Renounce Religion


You were on level 3 of the Dungeon.
You worshipped Lugonu.
Lugonu was pleased with you.
You were not hungry.

You visited 1 branch of the dungeon, and saw 3 of its levels.
You visited the Abyss 1 time.

You collected 112 gold pieces.

Inventory:

Hand Weapons
 a - a +1 hand axe (weapon)
Armour
 b - a +0 leather armour
 f - a +0 chain mail (worn)
 n - a +0 pair of gloves (worn)
Scrolls
 d - 3 scrolls of identify
 e - a scroll of magic mapping
 j - 3 scrolls of remove curse
 l - 2 scrolls of fog
Potions
 g - a potion of heal wounds
 k - a potion of ambrosia {unknown}
 o - a potion of beneficial mutation {unknown}
Comestibles
 c - a bread ration
 h - 3 chunks of flesh
 i - 3 meat rations
 m - 3 fruits


   Skills:
 + Level 4.6 Fighting
 + Level 3.7 Axes
 + Level 3.2 Armour
 + Level 2.3 Dodging
 + Level 2.7 Invocations


You had 4 spell levels left.
You didn't know any spells.

Dungeon Overview and Level Annotations

Branches:
Dungeon (3/15)

Altars:

Annotations:
D:3 Grinder


Innate Abilities, Weirdness & Mutations

You reflexively headbutt those who attack you in melee.
You have a pair of horns on your head.


Message History

Grinder gestures at you. You resist with significant effort.
You closely miss Grinder. You headbutt Grinder.
Grinder is heavily wounded.
Grinder closely misses you. You furiously retaliate!
You headbutt Grinder, but do no damage. Grinder gestures at you.
You resist with significant effort.
You hit Grinder but do no damage.
Grinder is heavily wounded.
Grinder hits you but does no damage.
You closely miss Grinder. You headbutt Grinder.
Grinder is heavily wounded.
Grinder gestures.
Grinder blinks!
Grinder gestures.
Grinder blinks!
Grinder gestures at you. Pain shoots through your body!
You die...

#### ..# ####### #.#
......###.#########
#..............
#..##..........
###.####.)##..........
..........@......>....
#.#.####..##...)......
#..##ยง..5......
#..##..........
#..##..........
#..#######.#### #..#
.# #..#######.#
....#.# # #........#


You could see Grinder.

Vanquished Creatures
  Jessica (D:2)
  3 gnolls (D:3)
  4 adders
  3 worms
  A giant gecko (D:3)
  5 orcs (D:3)
  3 giant cockroaches (D:2)
  4 hobgoblins
  3 jackals (D:2)
  A quokka (D:2)
  4 bats
  3 giant newts
  6 goblins
  3 kobolds
  6 rats
50 creatures vanquished.

Notes
Turn   | Place    | Note
--------------------------------------------------------------
     0 | Abyss:1  | Zetta the Minotaur Abyssal Knight began the quest for the Orb.
     0 | Abyss:1  | Reached XP level 1. HP: 19/19 MP: 1/1
    11 | D:1      | Escaped the Abyss
    49 | D:1      | Reached * piety under Lugonu
   402 | D:1      | Reached XP level 2. HP: 22/27 MP: 2/2
   518 | D:2      | Reached skill level 4 in Fighting
   719 | D:2      | Noticed Jessica
   731 | D:2      | Killed Jessica
   731 | D:2      | Reached XP level 3. HP: 23/33 MP: 3/3
  1406 | D:2      | Reached XP level 4. HP: 41/41 MP: 4/4
  1720 | D:3      | Reached ** piety under Lugonu
  2104 | D:3      | Noticed Grinder
  2105 | D:3      | Reached XP level 5. HP: 47/47 MP: 6/6
  2106 | D:3      | Paralysed by Grinder for 3 turns
  2126 | D:3      | Paralysed by Grinder for 6 turns
  2138 | D:3      | Killed from afar by Grinder

Action                   |  1- 3 |  4- 6 || total
-------------------------+-------+-------++-------
Melee: Hand axe          |    64 |    69 ||   133
Invok: Depart the Abyss  |     1 |       ||     1
  Use: Scroll            |     2 |     1 ||     3
       Potion            |     2 |       ||     2
  Eat: Bread ration      |     1 |       ||     1
